[Event "1st Rapid Chess Tournament Château Montaiguillon"]
[Site "Montagne - Saint Emilion, France"]
[Date "2019.09.08"]
[Round "1.3"]
[White "Lagarde, Maxime"]
[Black "Villeneuve, Robin"]
[Result "1-0"]
[TimeControl "12' + 3''"]
[WhiteElo "2599"]
[BlackElo "1530"]

1. d4 d5 2. Bf4 Nf6 3. e3 Bf5 4. Nf3 e6 5. Nc3 c6 6. Bd3 Bxd3 7. cxd3 Bd6 8. Ne5 Qe7 9. Qf3 Nbd7 10.
g4 h6 11. h4 Nh7 12. g5 hxg5 13. hxg5 O-O-O 1-0

[Event "1st Rapid Chess Tournament Château Montaiguillon"]
[Site "Montagne - Saint Emilion, France"]
[Date "2019.09.08"]
[Round "1.5"]
[White "Sochacki, Christophe"]
[Black "Girard, Emmanuel"]
[Result "1-0"]
[TimeControl "12' + 3''"]
[WhiteElo "2481"]
[BlackElo "1399"]

1. d4 e6 2. c4 d6 3. Nc3 a6 4. e4 h6 5. Bd3 Nd7 6. Be3 Ne7 7. f4 g6 8. Nge2 Bg7 9. O-O b6 10.
Bc2 Bb7 11. Qd2 Bf6 12. a4 g5 13. fxg5 hxg5 14. Bxg5 Bxg5 15. Qxg5 Rg8 16. Qh5 Ng6 17. Rf2 e5 18. Raf1 Qh4 19.
Qxh4 Nxh4 20. Nd5 Kd8 21. g3 c6 22. Nf6 Nxf6 23. Rxf6 Bc8 24. Rxf7 Bh3 25. Rf8+ Rxf8 26. Rxf8+ Ke8 27. Rf6 1-0

[Event "1st Rapid Chess Tournament Château Montaiguillon"]
[Site "Montagne - Saint Emilion, France"]
[Date "2019.09.08"]
[Round "2.3"]
[White "Selebran, Henri"]
[Black "Lagarde, Maxime"]
[Result "0-1"]
[TimeControl "12' + 3''"]
[WhiteElo "2109"]
[BlackElo "2599"]

1. c4 Nf6 2. g3 g6 3. Bg2 Bg7 4. Nc3 O-O 5. d3 d6 6. Nf3 e5 7. O-O c5 8. Nd5 Nxd5 9. cxd5 Na6 10. e4 h6 11. Ne1 f5 12.
f4 exf4 13. gxf4 fxe4 14. dxe4 Bd7 15.
Nd3 c4 16. Nf2 Nc5 17. Qe2 b5 18. Be3 Na4 19. Rab1 Qh4 20. Nh1 Rac8 21. Ng3 Nc5 22. Bxc5 Rxc5 23. Qe3 Qe7 24. Rf2 Rxd5 0-1

[Event "1st Rapid Chess Tournament Château Montaiguillon"]
[Site "Montagne - Saint Emilion, France"]
[Date "2019.09.08"]
[Round "3.3"]
[White "Lagarde, Maxime"]
[Black "Roselle, Tristan"]
[Result "1-0"]
[TimeControl "12' + 3''"]
[WhiteElo "2599"]
[BlackElo "2144"]

1. b3 e5 2. Bb2 Nc6 3. e3 g6 4. h4 Bg7 5. h5 d6 6. Be2 Be6 7. Nf3 Bg4 8. Nd4 Bxe2 9. Nxe2 Qd7 10.
d4 exd4 11. Nxd4 Bf6 12. c4 Nce7 13. Nc3 O-O-O 14. Qd2 Qg4 15. f3 Qg3+ 16. Qf2 Qxf2+ 17. Kxf2 Bxd4 18. exd4 d5 19. hxg6 fxg6 20.
Rae1 c6 21. cxd5 Nxd5 22. Nxd5 cxd5 23. Ba3 Kb8 24. Re6 h5 25. Bd6+ Ka8 26. Be5 Rh7 27. Rc1 a6 28. Rxg6 Ne7 29.
Rc7 Nxg6 30. Rxh7 Rc8 31. Rxh5 Rc2+ 32. Kg3 Rxa2 33. f4 Rb2 34. f5 Rxb3+ 35. Kh2 Nxe5 36. dxe5 Rb1 37. f6 Rf1 38. g4 d4 39. Rf5 1-0

[Event "1st Rapid Chess Tournament Château Montaiguillon"]
[Site "Montagne - Saint Emilion, France"]
[Date "2019.09.08"]
[Round "4.3"]
[White "Daulyte-Cornette, Deimante"]
[Black "Lagarde, Maxime"]
[Result "0-1"]
[TimeControl "12' + 3''"]
[WhiteElo "2412"]
[BlackElo "2599"]

1. e4 c5 2. Nc3 Nc6 3. Bb5 Nd4 4. Nf3 a6 5. Bd3 g6 6. Nxd4 cxd4 7. Ne2 d5 8. exd5 Qxd5 9. O-O Bg7 10.
c4 Qd6 11. f4 f5 12. Rb1 e5 13. fxe5 Bxe5 14. g3 h5 15. Nf4 Ne7 16. Qe2 h4 17. Re1 Nc6 18. b4 hxg3 19. hxg3 Kd8 20.
b5 Bxf4 21. gxf4 axb5 22. cxb5 Qxf4 23. bxc6 Qg3+ 24. Qg2 Qxe1+ 25. Bf1 bxc6 26. d3 Qe6 27. Bg5+ Kd7 28. Rb2 Qd5 29. Qg3 Qh1+ 30. Kf2 Rh2+ 31. Bg2 Qxg2+ 32. Qxg2 Rxg2+ 33. Kxg2 Ra3 34. Re2 Rxd3 35. Re7+ Kd6 36. Rg7 Be6 37.
a4 c5 38. Rxg6 c4 39. a5 Ra3 40.
Bd8 c3 41. Kf2 Kd5 42. Ke2 Ra2+ 43. Ke1 Ra1+ 44. Ke2 c2 0-1

[ePGN "0.1;DGT LiveChess/2.2.4"]

[Event "1st Rapid Chess Tournament Château Montaiguillon"]
[Site "Montagne - Saint Emilion, France"]
[Date "2019.09.08"]
[Round "5.1"]
[White "Moussard, Jules"]
[Black "Cornette, Matthieu"]
[Result "1-0"]
[TimeControl "12' + 3''"]
[WhiteElo "2576"]
[BlackElo "2548"]

1. f4 d5 2. Nf3 Nf6 3. g3 e6 4. b3 Be7 5. Bb2 c5 6. Bg2 Nc6 7. e3 O-O 8. O-O b5 9. a4 b4 10.
Qe2 a5 11. d3 Bb7 12. Nbd2 Rc8 13. h3 Nd7 14. e4 Nb6 15. Rad1 Nd4 16. Nxd4 cxd4 17. Nf3 Bc5 18. Nxd4 dxe4 19.
dxe4 Nd7 20. Kh2 Qb6 21. Nb5 Rfd8 22. Rd2 Nf6 23. Rfd1 Rxd2 24. Rxd2 Be3 25. Rd3 Bg1+ 26. Kh1 Bc5 27.
c4 bxc3 28. Bxc3 Qc6 29. e5 Ne4 30. Kh2 f5 31. exf6 gxf6 32. Bxf6 Nd6 1-0

[Event "1st Rapid Chess Tournament Château Montaiguillon"]
[Site "Montagne - Saint Emilion, France"]
[Date "2019.09.08"]
[Round "5.3"]
[White "Sochacki, Christophe"]
[Black "Fantinel, Thibault"]
[Result "1-0"]
[TimeControl "12' + 3''"]
[WhiteElo "2481"]
[BlackElo "2381"]

1. e4 c5 2. Nf3 Nc6 3. b4 e5 4. Bb2 Nf6 5. b5 Nd4 6.
Nxe5 Qe7 7. Bxd4 cxd4 8. Nf3 Qxe4+ 9. Be2 Bc5 10. O-O O-O 11. Re1 d6 12. Bd3 Qg4 13. c3 dxc3 14. Nxc3 Bf5 15. Qc2 Bxd3 16. Qxd3 Rfe8 17.
Kf1 Rad8 18. h3 Qg6 19. Qxg6 hxg6 20. Rab1 d5 21. d3 Kf8 22. Rxe8+ Rxe8 23. g4 Rd8 24. Rc1 Ba3 25. Rb1 Ke7 26. g5 Nh5 27. Rb3 Bc5 28.
d4 Bb6 29. Na4 Rc8 30. Re3+ Kf8 31.
Nxb6 axb6 32. Ne5 Rc7 33. Kg2 Nf4+ 34. Kg3 Ne6 35. Nxg6+ Kg8 36. Nf4 Nxd4 37. Re8+ Kh7 38. Nxd5 Rc5 39. Rd8 Rxb5 40. h4 Nc6 41. Rd6 Ra5 42. h5 Ne5 43.
f4 Nc4 44. Rd7 Ra3+ 45. Kg4 Rxa2 46. Rxf7 Nd6 47. Nf6+ 1-0

[Event "1st Rapid Chess Tournament Château Montaiguillon"]
[Site "Montagne - Saint Emilion, France"]
[Date "2019.09.08"]
[Round "5.2"]
[White "Lagarde, Maxime"]
[Black "Fressinet, Laurent"]
[Result "1/2-1/2"]
[TimeControl "12' + 3''"]
[WhiteElo "2599"]
[BlackElo "2625"]

1. d4 Nf6 2. Nc3 d5 3. Bf4 a6 4. e3 e6 5. Nf3 c5 6. Bd3 Nbd7 7. h3 b5 8. a3 Bb7 9.
O-O Be7 10. dxc5 Nxc5 11. Ne2 O-O 12. Ned4 Rc8 13. Bh2 Bd6 14. Ne5 Qe7 15. f4 Nfe4 16. b4 Na4 17. Bxe4 dxe4 18. c4 Nb2 19.
Qh5 g6 20. Qh6 Nxc4 21. Rad1 f5 22. Bg3 Bd5 23. Nxc4 bxc4 24. Bh4 Qf7 25. Be1 c3 26. Rc1 c2 27. Rxc2 Rxc2 28. Nxc2 Rc8 29. Nd4 Be7 30. Bh4 Bf8 31. Qg5 Rc3 32. Qd8 Qc7 33. Qxc7 Rxc7 34. Bf6 Rc3 35. Nxe6 Rxe3 36. Nxf8 Kxf8 37. a4 Ra3 38. Ra1 Rb3 39.
Bd4 Kf7 40. Bc5 Rb2 41. Re1 Bc6 42. a5 Ke6 43. Re3 Bb5 44. g4 Bd3 45. Rg3 Rb1+ 46. Kf2 Rb2+ 47. Kg1 Rb1+ 48. Kf2 Rf1+ 49. Ke3 Kd5 50. gxf5 gxf5 51.
Ba7 h5 52. Bb8 Re1+ 53. Kd2 Re2+ 54. Kc3 Rc2+ 55. Kb3 Rc8 56. Ba7 Re8 57. Be3 Rc8 58. Rg5 Bc2+ 59. Kb2 Ba4 60. Rxf5+ Kc4 61. Rc5+ Rxc5 62. Bxc5 Bd7 63. Kc2 Bxh3 64. Kd2 Bf5 65. Be7 h4 66. Bxh4 Kxb4 1/2-1/2

[Event "1st Rapid Chess Tournament Château Montaiguillon"]
[Site "Montagne - Saint Emilion, France"]
[Date "2019.09.08"]
[Round "5.4"]
[White "Le Hetet, Nicolas"]
[Black "Estadieu, Romeo"]
[Result "0-1"]
[TimeControl "12' + 3''"]
[WhiteElo "2392"]
[BlackElo "2106"]

1. e4 e6 2. d4 d5 3. e5 c5 4. c3 Nc6 5. Nf3 Bd7 6. a3 f6 7. Bd3 Qc7 8. exf6 Nxf6 9. O-O Bd6 10. dxc5 Bxc5 11. c4 O-O 12. b4 Bd6 13.
Nc3 Ne5 14. h3 Nxf3+ 15. Qxf3 Ne4 16. Qh5 Be8 17. Qh4 Be7 18. Qg4 Nxc3 19. cxd5 Nxd5 20. Bh6 Bf6 21. Qxe6+ Qf7 22. Qf5 gxh6 0-1

[ePGN "0.1;DGT LiveChess/2.2.4"]

[Event "1st Rapid Chess Tournament Château Montaiguillon"]
[Site "Montagne - Saint Emilion, France"]
[Date "2019.09.08"]
[Round "6.2"]
[White "Estadieu, Romeo"]
[Black "Lagarde, Maxime"]
[Result "1-0"]
[TimeControl "12' + 3''"]
[WhiteElo "2106"]
[BlackElo "2599"]

1. d4 Nf6 2. c4 c5 3. d5 e6 4. Nc3 exd5 5. cxd5 d6 6.
Nf3 g6 7. Qa4+ Bd7 8. Qb3 b5 9.
Nxb5 Bxb5 10. Qxb5+ Nbd7 11. g3 Bg7 12. Bg2 O-O 13. O-O Rb8 14. Qd3 Re8 15. Bf4 Rxb2 16. Nd2 Nb6 17. Rfb1 Nh5 18. Rxb2 Nxf4 19. gxf4 Bxb2 20.
Rb1 Bg7 21. e3 h6 22. Qa6 Qd7 23.
Nc4 Nxc4 24. Qxc4 g5 25. fxg5 hxg5 26. a4 g4 27. a5 Be5 28. a6 Qf5 29. Rb7 Kg7 30. Rxa7 Rh8 31. Qe4 Qh5 32. f4 gxf3 33. Qxf3 Bxh2+ 34. Kf1 Qg6 35. Rb7 c4 36. a7 c3 37. Qe4 Qh5 38.
Qf3 c2 39. Rc7 Qg6 40. Qe4 Qf6+ 41. Ke2 Rh4 42. Qxc2 Qg5 43.
Bf3 Qg1 44. Qf5 Bg3 45. Qxf7+ Kh6 46. Qg7# 1-0

[Event "1st Rapid Chess Tournament Château Montaiguillon"]
[Site "Montagne - Saint Emilion, France"]
[Date "2019.09.08"]
[Round "6.4"]
[White "Daulyte-Cornette, Deimante"]
[Black "Saada, Julien"]
[Result "0-1"]
[TimeControl "12' + 3''"]
[WhiteElo "2412"]
[BlackElo "2258"]

1. e4 c6 2. d4 d5 3. e5 Bf5 4.
h4 h5 5.
Bd3 Bxd3 6. Qxd3 e6 7. Bg5 Be7 8. Nf3 Nh6 9. c4 dxc4 10. Qxc4 Nf5 11. Bxe7 Qxe7 12.
Nc3 Nd7 13. g3 Nb6 14. Qb3 Rd8 15. Rd1 Nd5 16. O-O O-O 17. a3 Rd7 18. Ne4 b6 19. Rc1 Rc8 20. Qa4 Rdc7 21. b4 Qd7 22.
Qd1 Nde7 23. Rc2 Rd8 24. Rd2 Nd5 25. Nfg5 g6 26. Rd3 Qe7 27. Qd2 Kg7 28. Rc1 Rdd7 29. Qd1 Qd8 30. Qe1 Nde7 31.
Rcd1 Nxd4 32. Nd6 Nef5 33. Rxd4 Nxd4 34. Rxd4 c5 35. bxc5 bxc5 36. Rf4 c4 37. Rxf7+ Kg8 38. Nxe6 Qb8 39. Rf8+ Qxf8 40. Nxf8 Kxf8 41.
Qc3 Rc5 42. f4 Rdc7 43. e6 Ke7 44. Ne4 Rf5 45. Qg7+ Kd8 46. Qxc7+ Kxc7 47. e7 Kd7 48. e8=Q+ Kxe8 49. Nd6+ Kd7 50. Nxf5 gxf5 51. Kf2 Kc6 52. Ke3 Kd5 53. Kd2 Kd4 54. Kc2 a5 0-1

[Event "1st Rapid Chess Tournament Château Montaiguillon"]
[Site "Montagne - Saint Emilion, France"]
[Date "2019.09.08"]
[Round "6.1"]
[White "Fressinet, Laurent"]
[Black "Moussard, Jules"]
[Result "1/2-1/2"]
[TimeControl "12' + 3''"]
[WhiteElo "2625"]
[BlackElo "2576"]

1. d4 f5 2. Nc3 Nf6 3. Bg5 d5 4. e3 e6 5. Nf3 a6 6. Bd3 c5 7. O-O Nc6 8. Ne5 Be7 9. Nxc6 bxc6 10.
Na4 Nd7 11. Bxe7 Qxe7 12. Qh5+ g6 13. Qh6 Kf7 14. c4 a5 15. cxd5 cxd5 16. Nxc5 Nxc5 17. dxc5 Qxc5 18. Rac1 Qd6 19. Rc3 Bd7 20. Rfc1 Ra7 21.
h4 Qe5 22. b3 Ke7 23. Qg5+ Kf7 24. Qh6 Ke7 25. Qg5+ Kf7 26. Qh6 Ke7 1/2-1/2

[Event "1st Rapid Chess Tournament Château Montaiguillon"]
[Site "Montagne - Saint Emilion, France"]
[Date "2019.09.08"]
[Round "6.5"]
[White "Salles, Louis"]
[Black "Favarel, Julien"]
[Result "1-0"]
[TimeControl "12' + 3''"]
[WhiteElo "2248"]
[BlackElo "2331"]

1. e4 e5 2. Nf3 Nc6 3.
d4 exd4 4. Nxd4 Nf6 5. Nxc6 bxc6 6. e5 Qe7 7. Qe2 Nd5 8. c4 Nb6 9. Nc3 Qe6 10. Qe4 d5 11. exd6 Qxe4+ 12. Nxe4 cxd6 13. Be2 Bf5 14. Nc3 Be6 15. b3 d5 16. cxd5 Bb4 17.
Bd2 Nxd5 18. Nxd5 Bxd2+ 19. Kxd2 Bxd5 20. Rhe1 O-O 21. Bf1 a5 22. Kc3 g6 23. f3 Rfd8 24. a3 Rab8 25. Rab1 Rd7 26. Rb2 Kf8 27. Rd1 Re7 28.
Bc4 Bxc4 29. Kxc4 Re3 30. Rd3 Rxd3 31. Kxd3 Ke7 32. Kc4 Rb5 33. Re2+ Kd7 34. Rd2+ Ke7 35. Rd3 h5 36. a4 Rf5 37.
g3 h4 38. b4 hxg3 39. hxg3 axb4 40. Kxb4 Re5 41. a5 Rb5+ 42.
Ka4 Rb8 43. a6 c5 44. Ka5 c4 45. Rc3 Rc8 46. Kb6 Kd6 47. a7 Kd5 1-0

[ePGN "0.1;DGT LiveChess/2.2.4"]

[Event "1st Rapid Chess Tournament Château Montaiguillon"]
[Site "Montagne - Saint Emilion, France"]
[Date "2019.09.08"]
[Round "7.4"]
[White "Lagarde, Maxime"]
[Black "Guichard, Pauline"]
[Result "1-0"]
[TimeControl "12' + 3''"]
[WhiteElo "2599"]
[BlackElo "2409"]

1. b3 e5 2. Bb2 Nc6 3.
e3 Nf6 4. Bb5 Bd6 5. Na3 a6 6. Bxc6 dxc6 7. Nc4 Qe7 8.
Ne2 O-O 9. O-O Bg4 10. f3 Bh5 11. Qe1 Bg6 12. f4 exf4 13. Nxf4 Nd5 14. Nxg6 fxg6 15. Nxd6 cxd6 16. Qe2 Qe4 17.
Qc4 Qxc4 18. bxc4 Nf6 19. a4 a5 20. d3 Kf7 21. Rab1 Rab8 22. e4 Ke6 23. Bc3 b6 24. Rf3 g5 25.
Rf5 h6 26. Rbf1 Rb7 27. e5 dxe5 28. Rxe5+ Kf7 29. Rb1 Rbb8 30. h3 c5 31. g4 Rfd8 32. Kg2 Rdc8 33. Kf3 Rd8 34. Be1 Nd7 35.
Rd5 Rbc8 36. Bg3 Rc6 37. Re1 1-0

[Event "1st Rapid Chess Tournament Château Montaiguillon"]
[Site "Montagne - Saint Emilion, France"]
[Date "2019.09.08"]
[Round "7.1"]
[White "Moussard, Jules"]
[Black "Estadieu, Romeo"]
[Result "1-0"]
[TimeControl "12' + 3''"]
[WhiteElo "2576"]
[BlackElo "2106"]

1. e4 e6 2. d4 d5 3.
Nc3 Nf6 4. e5 Nfd7 5. Nce2 c5 6. c3 Nc6 7. Nf3 h6 8. g3 c4 9. h4 b5 10. Bh3 Nb6 11. Nf4 Bd7 12. O-O a5 13. Be3 b4 14. Nd2 bxc3 15.
bxc3 a4 16. Rb1 a3 17. Qc2 Be7 18. Nh5 Kf8 19. f4 g6 20. Nf6 Bxf6 21. exf6 Na4 22. Nf3 Qa5 23. Bd2 Nb2 24. h5 Qa4 25. Ne1 gxh5 26. f5 Qxc2 27. Nxc2 Nd3 28.
Rb7 Ra7 29. Rfb1 Ke8 30. Rb8+ Nd8 31. Kh2 Rg8 32. Bxh6 Rh8 33. Bg5 exf5 34. Ne3 Be6 35. Bxf5 Kd7 36. Bxe6+ fxe6 37. R1b6 Rf8 38. Ng2 Rg8 39. f7 1-0

[Event "1st Rapid Chess Tournament Château Montaiguillon"]
[Site "Montagne - Saint Emilion, France"]
[Date "2019.09.08"]
[Round "7.5"]
[White "Mullon, Jean-Baptiste"]
[Black "Rabouan, Christophe"]
[Result "1-0"]
[TimeControl "12' + 3''"]
[WhiteElo "2378"]
[BlackElo "1811"]

1. e4 c6 2. Nf3 d5 3. Nc3 Bg4 4. h3 Bh5 5. exd5 cxd5 6. d4 e6 7. Bb5+ Nc6 8. g4 Bg6 9. Ne5 Qc7 10.
h4 h6 11. Nxg6 fxg6 12. Bd3 O-O-O 13. Be3 e5 14. Nb5 Qa5+ 15. Kf1 a6 16. a4 Nge7 17. c3 Rd7 18. dxe5 Nxe5 19. Nd4 Qd8 20.
b4 Nxd3 21. Qxd3 Rd6 22. b5 a5 23. b6 Nc6 24. Nb5 Re6 25. Na7+ Kb8 26. Bf4+ Ka8 27. Nb5 Kb8 28. Be3 Kc8 29. Na7+ Kb8 30. Bf4+ Bd6 31. Nxc6+ bxc6 32. Qa6 1-0

[Event "1st Rapid Chess Tournament Château Montaiguillon"]
[Site "Montagne - Saint Emilion, France"]
[Date "2019.09.08"]
[Round "7.3"]
[White "Saada, Julien"]
[Black "Fressinet, Laurent"]
[Result "0-1"]
[TimeControl "12' + 3''"]
[WhiteElo "2258"]
[BlackElo "2625"]

1. d4 Nf6 2. Bg5 d5 3. Bxf6 gxf6 4. c4 e5 5. e3 Nc6 6. cxd5 Qxd5 7. Nc3 Bb4 8. a3 Bxc3+ 9. bxc3 Bf5 10.
Nf3 O-O-O 11. Qa4 Be4 12. Bc4 Qd6 13. Bb5 a6 14. dxe5 Qc5 15. Qc4 Qxb5 16. Qxe4 fxe5 17. Rb1 Qd3 18.
Qxd3 Rxd3 19. Rc1 e4 20. Ke2 Rhd8 21. Nd4 Ne5 22. Rhd1 c5 23. Nf5 Nc4 24. Ng3 Nb2 25. Re1 Rd2+ 26.
Kf1 f5 27. Re2 Rd1+ 28. Rxd1 Rxd1+ 29. Re1 Rd5 30. Ke2 b5 31.
Rb1 Na4 32. Rc1 Rd3 33. Nxf5 Nxc3+ 34. Ke1 Kd7 35. Ng3 b4 36.
axb4 cxb4 0-1

[ePGN "0.1;DGT LiveChess/2.2.4"]

[Event "1st Rapid Chess Tournament Château Montaiguillon"]
[Site "Montagne - Saint Emilion, France"]
[Date "2019.09.08"]
[Round "8.2"]
[White "Fressinet, Laurent"]
[Black "Roselle, Tristan"]
[Result "1-0"]
[TimeControl "12' + 3''"]
[WhiteElo "2625"]
[BlackElo "2144"]

1. d4 d5 2. Nf3 Nf6 3. c4 e6 4. Nc3 c5 5. e3 Nc6 6. a3 dxc4 7. Bxc4 Be7 8. O-O O-O 9. dxc5 Qxd1 10. Rxd1 Bxc5 11. b4 Be7 12.
Bb2 b6 13. Nb5 Bb7 14. Nd6 Bxd6 15. Rxd6 Rfd8 16. Rxd8+ Rxd8 17. Rc1 Kf8 18. Be2 Rc8 19. Nd2 Ne7 20. Rxc8+ Nxc8 21. f3 Ke7 22.
e4 Ne8 23. Kf2 f6 24. e5 Nc7 25. exf6+ gxf6 26. Bd3 h6 27. Bc1 Kf7 28. Nf1 h5 29. Kg3 Ne7 30. Kh4 Ng6+ 31. Kxh5 Ne5 32.
Be2 Ba6 33. Bxa6 Nxa6 34. Kh4 Nd3 35. Bd2 Nc7 36. Ne3 Nb5 37. Nc2 Nd6 38. g4 Nc4 39. Bc3 Kg6 40. Kg3 Nc1 41. Kf2 Nd3+ 42. Ke2 Nf4+ 43. Kf1 e5 44. h4 Nd5 45. Be1 b5 46.
Bg3 Nce3+ 47. Nxe3 Nxe3+ 48. Ke2 Nc2 49. h5+ Kg7 50. Bh4 Nxa3 51. h6+ Kxh6 52. Bxf6 Nc2 53. Bxe5 Nxb4 54. f4 Nd5 55. Kd3 b4 56. Kd4 Nc3 57. Kc4 a5 58. Bxc3 1-0

[Event "1st Rapid Chess Tournament Château Montaiguillon"]
[Site "Montagne - Saint Emilion, France"]
[Date "2019.09.08"]
[Round "8.1"]
[White "Sochacki, Christophe"]
[Black "Moussard, Jules"]
[Result "0-1"]
[TimeControl "12' + 3''"]
[WhiteElo "2481"]
[BlackElo "2576"]

1. d4 f5 2. c4 Nf6 3. Nc3 d6 4. g3 g6 5. Bg2 Bg7 6. Nh3 e5 7. dxe5 dxe5 8. Qxd8+ Kxd8 9. Ng5 Ke7 10.
Be3 Na6 11. b4 h6 12. Nf3 Ng4 13. Nd5+ Kf7 14. b5 Nxe3 15. fxe3 Nc5 16. Nxc7 Rb8 17. Rd1 e4 18. Nd4 Be5 19. Nd5 h5 20. Kf2 Be6 21.
Nxe6 Nxe6 22. Nf4 Rhd8 23. Rd5 Rxd5 24. Nxd5 Rc8 25. Rc1 Nc7 26. b6 Nxd5 27. bxa7 Nc3 28. h3 Ra8 29. g4 h4 30.
gxf5 gxf5 31. Rc2 Rxa7 32. Rd2 Rxa2 33. Rd7+ Ke6 34. Rxb7 Ra1 35. Rb6+ Kd7 36. Bf1 Nd1+ 37. Kg1 Nxe3 38. Kf2 Bd4 0-1

[Event "1st Rapid Chess Tournament Château Montaiguillon"]
[Site "Montagne - Saint Emilion, France"]
[Date "2019.09.08"]
[Round "8.4"]
[White "Fantinel, Thibault"]
[Black "Lagarde, Maxime"]
[Result "0-1"]
[TimeControl "12' + 3''"]
[WhiteElo "2381"]
[BlackElo "2599"]

1. e4 c5 2. Nf3 e6 3. d4 cxd4 4. Nxd4 Nf6 5. Nc3 Nc6 6. g3 Qb6 7. Nb3 d6 8.
Bg2 a6 9. O-O Be7 10. Ne2 O-O 11. Be3 Qc7 12.
Nbd4 Bd7 13. c4 Nxd4 14. Qxd4 Ng4 15. Rac1 Rac8 16. b3 Bf6 17. Qd2 Nxe3 18. Qxe3 Qa5 19. a4 b5 20. axb5 axb5 21.
Rfd1 bxc4 22. Rxd6 Bb5 23. bxc4 Bxc4 24. Rdd1 Bg5 25. f4 Be7 26. Kh1 e5 27. Nc3 exf4 28. gxf4 Bc5 29. Qf3 Bb3 30.
Rd3 Bb4 31. e5 Qa3 32. Rb1 Bc2 0-1

[Event "1st Rapid Chess Tournament Château Montaiguillon"]
[Site "Montagne - Saint Emilion, France"]
[Date "2019.09.08"]
[Round "8.5"]
[White "Cornette, Matthieu"]
[Black "Fournier, Loic"]
[Result "1-0"]
[TimeControl "12' + 3''"]
[WhiteElo "2548"]
[BlackElo "2135"]

1. e4 c5 2. Nf3 Nc6 3. Bb5 g6 4.
O-O Bg7 5. Nc3 Nf6 6. e5 Nh5 7. Re1 Nf4 8. d4 cxd4 9. Nxd4 Nxd4 10. Qxd4 Ne6 11. Qh4 O-O 12. Bh6 Qb6 13. Bxg7 Nxg7 14.
Qxe7 Nf5 15. Qg5 a6 16. Bd3 Qxb2 17. Nd5 h6 18. Qf6 Ng7 19. Ne7+ 1-0

[Event "1st Rapid Chess Tournament Château Montaiguillon"]
[Site "Montagne - Saint Emilion, France"]
[Date "2019.09.08"]
[Round "9.1"]
[White "Moussard, Jules"]
[Black "Mullon, Jean-Baptiste"]
[Result "1-0"]
[TimeControl "12' + 3''"]
[WhiteElo "2576"]
[BlackElo "2378"]

1. e4 c5 2. d3 Nc6 3. g3 g6 4.
Bg2 Bg7 5. f4 d6 6. Nf3 e6 7.
O-O Nge7 8. c3 O-O 9. Be3 b6 10. d4 cxd4 11. cxd4 Na5 12. Qe2 Bb7 13. Nc3 Rc8 14. Bf2 Rc7 15.
Rac1 Qc8 16. Rfe1 Ba6 17. Qc2 b5 18. Qb1 b4 19. Na4 Bb5 20. b3 Rxc1 21. Rxc1 Qd7 22. e5 Bxa4 23. bxa4 Nd5 24. Qc2 Nb6 25. Qb2 dxe5 26. Nxe5 Qxa4 27. Rc7 Bxe5 28.
dxe5 Qd1+ 29. Bf1 Nac4 30. Qe2 Qxe2 31. Bxe2 Nb2 32. Bd4 Rd8 33. Bc5 Nd5 34. Rxa7 h6 35. h4 Nc3 36. Bf3 Rd3 37.
Ra8+ Kg7 38. Be7 g5 39. h5 f5 40. exf6+ Kf7 41. Rf8# 1-0

[Event "1st Rapid Chess Tournament Château Montaiguillon"]
[Site "Montagne - Saint Emilion, France"]
[Date "2019.09.08"]
[Round "9.2"]
[White "Fressinet, Laurent"]
[Black "Sochacki, Christophe"]
[Result "0-1"]
[TimeControl "12' + 3''"]
[WhiteElo "2625"]
[BlackElo "2481"]

1. d4 Nc6 2. d5 Ne5 3.
e4 e6 4.
f4 exd5 5. Qxd5 Nc6 6. Nc3 Nf6 7. Qd3 d5 8. e5 Nb4 9. Qe2 Bg4 10. Nf3 Ne4 11. Nxe4 dxe4 12. Qxe4 Bxf3 13. gxf3 Qh4+ 14.
Ke2 O-O-O 15. Be3 g6 16. a3 Nd5 17. Rd1 c6 18. f5 Qh5 19. fxg6 Bh6 20. Bxh6 Qxh6 21. Kf2 hxg6 22. h4 Nf4 23.
Rxd8+ Rxd8 24. Bd3 Kc7 25. Kg3 g5 26. h5 Re8 27. Qf5 Kb6 28.
Kf2 Qh8 29. h6 Rxe5 30. Qxf7 Rd5 31. Qg7 Qe8 32. h7 Rxd3 33. Re1 Nh3+ 34. Kg2 Qxe1 35. cxd3 Nf4+ 0-1

[Event "1st Rapid Chess Tournament Château Montaiguillon"]
[Site "Montagne - Saint Emilion, France"]
[Date "2019.09.08"]
[Round "9.3"]
[White "Lagarde, Maxime"]
[Black "Cornette, Matthieu"]
[Result "1-0"]
[TimeControl "12' + 3''"]
[WhiteElo "2599"]
[BlackElo "2548"]

1. e4 c5 2. Nc3 Nc6 3. Nf3 e5 4. Bc4 Be7 5. d3 d6 6. Nd2 Nf6 7. Nf1 Bg4 8. f3 Be6 9. Ne3 O-O 10.
O-O Nd7 11. a4 Bg5 12. g3 Nb6 13. f4 exf4 14. gxf4 Bf6 15. Ncd5 Bxd5 16. Nxd5 Nxd5 17. Bxd5 Qd7 18. c3 Ne7 19.
Bb3 g6 20. f5 Kg7 21. Qf3 gxf5 22. Kh1 Kh8 23. Bh6 Be5 24. exf5 1-0

[Event "1st Rapid Chess Tournament Château Montaiguillon"]
[Site "Montagne - Saint Emilion, France"]
[Date "2019.09.08"]
[Round "9.5"]
[White "Favarel, Julien"]
[Black "Fritschy, Frits"]
[Result "1-0"]
[TimeControl "12' + 3''"]
[WhiteElo "2331"]
[BlackElo "2094"]

1. e4 e6 2. d4 d5 3. exd5 exd5 4. Nf3 Bd6 5. c4 dxc4 6. Bxc4 Ne7 7. Ng5 Bb4+ 8.
Nc3 Nd5 9. Qe2+ Kf8 10. O-O c6 11. Qh5 Qd7 12. Bd2 Bxc3 13. bxc3 h6 14. Rae1 g6 15. Qh4 Qg4 16. Qxg4 Bxg4 17.
Ne4 Nd7 18. Nd6 Be6 19. Bb3 b5 20. f4 Ke7 21. Ne4 Kf8 22. Ng3 Re8 23. f5 gxf5 24. Nxf5 Bxf5 25. Rxe8+ Kxe8 26. Rxf5 N7b6 27. Rh5 Nf6 28. Rxh6 Rxh6 29.
Bxh6 Ne4 30. h4 Ke7 31. Bg7 Ng3 32.
Be5 Ne2+ 33. Kf1 Nxc3 34. h5 Ncd5 35. h6 Nf6 36. g4 Nbd5 37. Ke2 Nh7 38. Bc2 f6 39. Bb8 Ng5 40. h7 Nf7
41. Bxa7 Nc3+ 42. Kd2 Nxa2 43. Bc5+ Ke6 44. Bg6 Ke7 45. Bc2+ Ke8 1-0